 Dungeon Crawl Stone Soup version 0.22.0 (webtiles) character file.

149668 Blackhawk the Warrior (level 16, -3/228 HPs)
             Began as a Minotaur Berserker on Oct 27, 2018.
             Was an Elder of Trog.
             Slain by an orc warlord
             ... wielding a +2 great sword of freezing
              (5 damage)
             ... while paralysed by a chaos spawn
             ... on level 2 of the Orcish Mines.
             The game lasted 01:32:05 (30693 turns).

Blackhawk the Warrior (Minotaur Berserker)         Turns: 30693, Time: 01:32:06

Health: -3/228     AC: 18    Str: 27    XL:     16   Next: 67%
Magic:  20/21      EV:  2    Int:  4    God:    Trog [****..]
Gold:   1380       SH:  0    Dex: 12    Spells: 15/15 levels left

rFire    + . .     SeeInvis .   q - +11 spear "Geucs" {elec, +Fly rC- rN+++ Str-5}
rCold    x . .     Gourm    +   b - +0 large shield
rNeg     + + +     Faith    .   N - +2 plate armour {rF+}
rPois    +         Spirit   .   Y - +2 hat
rElec    .         Reflect  .   R - +2 cloak {rPois}
rCorr    .         Harm     .   s - +0 pair of gloves
MR       ++...                  (no boots)
Stlth    ..........             U - amulet of the gourmand
HPRegen  0.48/turn              y - ring of protection from magic
MPRegen  0.17/turn              u - ring of poison resistance

@: paralysed, berserking, corroded
A: retaliatory headbutt, horns 2
}: 1/15 runes: decaying
a: Berserk, Trog's Hand, Brothers in Arms, Renounce Religion, Evoke Flight


You were on level 2 of the Orcish Mines.
You worshipped Trog.
Trog was greatly pleased with you.
You were very full.

You visited 4 branches of the dungeon, and saw 27 of its levels.

You collected 1945 gold pieces.
You spent 565 gold pieces at shops.

Inventory:

Hand Weapons
 i - a +0 hunting sling of freezing
 p - the +6 long sword of Anego {venom, rPois rC+}
   (You found it on level 2 of the Swamp)

   It poisons the flesh of those it strikes.
   It protects you from cold.
   It protects you from poison.
 q - the +11 spear "Geucs" (weapon) {elec, +Fly rC- rN+++ Str-5}
   (You bought it in a shop on level 11 of the Dungeon)

   Occasionally, upon striking a foe, it will discharge some electrical energy
   and cause terrible harm.
   It affects your strength (-5).
   It makes you vulnerable to cold.
   It renders you almost immune to negative energy.
   It lets you fly.
 O - a +3 antimagic trident
 T - a +3 demon trident of piercing
Missiles
 w - 127 sling bullets
Armour
 b - a +0 large shield (worn)
 s - a +0 pair of gloves (worn)
 G - a scarf of resistance
 N - a +2 plate armour of fire resistance (worn)
 R - a +2 cloak of poison resistance (worn)
 Y - a +2 hat (worn)
Jewellery
 u - a ring of poison resistance (right hand)
 y - a ring of protection from magic (left hand)
 U - an amulet of the gourmand (around neck)
 W - an uncursed ring of protection from cold
Wands
 j - a wand of iceblast (28)
 v - a wand of paralysis (42)
 B - a wand of digging (13)
 C - a wand of disintegration (27)
 H - a wand of flame (70)
 I - a wand of scattershot (5)
 J - a wand of polymorph (58)
 Q - a wand of acid (19)
 Z - a wand of enslavement (11)
Scrolls
 e - 3 scrolls of enchant weapon
 h - 9 scrolls of teleportation
 k - 6 scrolls of enchant armour
 n - 7 scrolls of remove curse
 r - 6 scrolls of fear
 t - 7 scrolls of fog
 D - a scroll of torment
 F - a scroll of summoning
 L - a scroll of holy word
 V - 2 scrolls of magic mapping
Potions
 a - 2 potions of cancellation
 f - 2 potions of lignification
 g - 3 potions of haste
 l - 5 potions of mutation
 m - 2 potions of agility
 x - 10 potions of curing
 z - 2 potions of magic
 A - a potion of resistance
 E - 3 potions of heal wounds
 K - 3 potions of flight
 M - 2 potions of invisibility
 P - 2 potions of might
 S - a potion of ambrosia
Miscellaneous
 d - a phantom mirror
 o - a box of beasts
Comestibles
 c - 39 rations
 X - 28 chunks of flesh


   Skills:
 * Level 16.3 Fighting
 - Level 4.9 Long Blades
   Level 10.6 Maces & Flails
 - Level 14.9 Polearms
 + Level 15.3 Armour
 + Level 10.6 Dodging
 - Level 15.0 Shields
 + Level 8.0 Evocations


You had 15 spell levels left.
You didn't know any spells.
Your spell library was empty.

Dungeon Overview and Level Annotations

Branches:
Dungeon (15/15)            Temple (0/1) D:5            Lair (6/6) D:11
  Swamp (4/4) Lair:2        Snake (0/4) Lair:2        Slime (0/5) Lair:5
    Orc (2/2) D:11            Elf (0/3) Orc:2        Vaults (0/5) D:13
 Depths (0/5) D:15

Altars:
Cheibriados
Dithmenos
Elyvilon
Gozag
Kikubaaqudgha
Trog
Uskayaw
Vehumet
Xom

Shops:
D:11 (   D:12 :   Orc:2 ([

Portals:
Labyrinth: Orc:2
Trove: D:10 (give 11 potions of heal wounds)

Annotations:
D:14 3 runed doors, spsoon's ghost, journeyman TrMo
D:15 exclusion: obsidian statue
Lair:3 3 runed doors, Dockug's ghost, journeyman VSAE
Lair:5 exclusion: oklob plant


Innate Abilities, Weirdness & Mutations

You reflexively headbutt those who attack you in melee.
You have a pair of horns on your head.


Message History

The orc high priest hits you but does no damage.
The orc high priest utters an invocation to Beogh.
The orc warrior hits you but does no damage.
The orc warrior hits you with a mace.
* * * LOW HITPOINT WARNING * * *
The smoke demon gestures at you. Beogh smites you!
* * * LOW HITPOINT WARNING * * *
The orc high priest hits you but does no damage.
The orc knight roars a battlecry!
The orcs go into a battle-frenzy!
The orc priest begins to cast a cantrip, but forgets the words!
The orc knight hits you with a battleaxe!
* * * LOW HITPOINT WARNING * * *
Your two-headed ogre closely misses the orc priest.
Your two-headed ogre hits the orc priest with a giant club!
The orc priest dies!
Trog accepts your kill.
The orc warlord hits you with a great sword of freezing.
You die...

........∩......
........o......
...........P...
.......48o.P.# ##
......o3To...##..
....$Ooooo...#.. ..
.....[oooo....# ...
#)†O@o4o...##... #
##..)o4.....#$.. ..
...............# ...
.....>....(.(.## .#..
...$.......(..### .....
............(##.#......
.. .................#
... ................##
....
................##.


You could see an orc warlord, 3 orc knights, 3 orc high priests, an ice devil, a
rust devil, a troll, a smoke demon, a chaos spawn, 5 orc warriors, an ogre, 2
orc wizards, an orc and a friendly two-headed ogre (berserk).

Vanquished Creatures
  Kirke (Swamp:3)
  3 thorn hunters
  Josephine (D:13)
  2 vault guards (D:13)
  22 hydras
  Harold (D:7)
  A catoblepas (Lair:6)
  Erica (D:11)
  3 centaur warriors
  12 alligators
  6 two-headed ogres
  An ogre mage (D:15)
  4 death yaks (Lair:6)
  2 tengu warriors (D:14)
  Urug (D:13)
  Sonja (D:13)
  Nergalle (Orc:1)
  An orc high priest (Orc:2)
  10 swamp dragons
  3 unseen horrors
  2 wizards (D:15)
  A necromancer (D:13)
  3 deep elf magi
  2 orc sorcerers (D:15)
  21 elephants
  17 ugly things
  3 cyclopes
  3 manticores (D:12)
  A centaur zombie (D:14)
  5 black mambas
  11 spiny frogs
  5 rime drakes
  2 gargoyles
  6 komodo dragons
  4 yaktaurs
  2 trolls
  8 tyrant leeches
  3 meliai (D:14)
  A polar bear (Lair:6)
  8 hornets
  15 slime creatures
  Prince Ribbit (D:7)
  A dream sheep (shapeshifter) (D:15)
  15 dream sheep (Lair:6)
  10 bog bodies
  16 blink frogs
  9 hippogriffs
  A shadow (D:15)
  4 wraiths (D:13)
  Sigmund (D:6)
  14 spriggans
  3 wyverns
  A hog (Swamp:3)
  Eustachio (D:6)
  32 yaks
  21 humans (D:13)
  14 vampire mosquitoes
  A hungry ghost (D:15)
  3 basilisks
  5 insubstantial wisps
  2 nagas (Lair:2)
  An acid dragon (D:13)
  5 wargs
  Duvessa (D:4)
  9 swamp worms
  2 hell hounds (D:11)
  10 porcupines
  14 water moccasins
  12 orc warriors
  5 black bears (Lair:6)
  A hornet zombie (D:6)
  12 swamp drakes
  4 ice beasts
  3 phantoms
  2 sky beasts
  8 boggarts
  2 necrophages
  23 wolves
  12 ogres
  5 centaurs
  9 crocodiles
  Blork the orc (D:4)
  4 big kobolds
  A gnoll sergeant (D:13)
  22 bullfrogs
  Dowan (D:4)
  A wyvern skeleton (D:9)
  3 scorpions
  18 killer bees
  2 electric eels
  4 wights (D:14)
  9 howler monkeys
  5 crimson imps
  3 bullfrog zombies
  6 hounds
  A quasit (D:12)
  3 centaur skeletons
  Crazy Yiuf (D:7)
  A bullfrog skeleton (D:10)
  15 jellies
  16 orc wizards
  14 orc priests
  4 iguanas
  5 worker ants
  A worker ant zombie (D:5)
  10 adders
  7 gnolls
  2 shadow imps
  2 oozes
  A worm (D:5)
  2 dart slugs
  9 leopard geckos
  63 orcs
  2 ball pythons
  5 bats
  2 giant cockroaches
  6 hobgoblins
  3 jackals
  3 quokkas
  3 frilled lizards
  5 goblins
  12 kobolds
  2 leopard gecko skeletons
  A leopard gecko zombie (D:3)
  A quokka skeleton (D:6)
  4 rats
  A briar patch (Swamp:4)
  A bush (Lair:2)
  A plant (Lair:5)
784 creatures vanquished.

Vanquished Creatures (collateral kills)
  4 hydras (Swamp:4)
  A centaur warrior (D:14)
  2 spriggans (Swamp:4)
  A shambling mangrove (Swamp:4)
  3 swamp dragons (Swamp:4)
  An ugly thing (D:14)
  3 elephants (Lair:6)
  A spiny frog (Swamp:3)
  3 hornets (Swamp:4)
  2 trolls
  4 blink frogs (Lair:6)
  A bog body (Swamp:4)
  3 hogs (Swamp:3)
  3 insubstantial wisps (Swamp:4)
  A warg (Orc:2)
  4 orc warriors
  3 swamp drakes (Swamp:4)
  A boggart (D:14)
  2 ogres
  A hornet simulacrum (D:14)
  2 orc priests (Orc:2)
  5 orc wizards
  15 orcs
66 creatures vanquished.

Vanquished Creatures (others)
  An ugly thing (Swamp:4)
  A human (Swamp:3)
  A bog body (Swamp:3)
  A spriggan (Swamp:4)
  13 fungi
  22 plants
39 creatures vanquished.

Grand Total: 889 creatures vanquished

Notes
Turn   | Place    | Note
-------+----------+-------------------------------------------
     0 | D:1      | Blackhawk the Minotaur Berserker began the quest for the Orb.
     0 | D:1      | Reached XP level 1. HP: 19/19 MP: 0/0
   307 | D:1      | Reached XP level 2. HP: 21/27 MP: 1/1
   772 | D:2      | Found an opulent altar of Gozag.
   887 | D:2      | Reached skill level 4 in Fighting
   923 | D:2      | Reached XP level 3. HP: 33/33 MP: 2/2
  1529 | D:3      | Reached ** piety under Trog
  1622 | D:3      | Reached XP level 4. HP: 36/40 MP: 3/3
  1897 | D:4      | Noticed Duvessa
  1897 | D:4      | Noticed Dowan
  1933 | D:4      | Killed Duvessa
  1933 | D:4      | Reached XP level 5. HP: 47/47 MP: 4/4
  1934 | D:4      | Killed Dowan
  1934 | D:4      | Reached skill level 5 in Fighting
  1934 | D:4      | Reached skill level 5 in Maces & Flails
  1934 | D:4      | Reached XP level 6. HP: 56/56 MP: 5/5
  2139 | D:4      | Reached skill level 5 in Armour
  2222 | D:4      | Noticed Blork the orc
  2229 | D:4      | Killed Blork the orc
  2229 | D:4      | Reached skill level 1 in Shields
  2229 | D:4      | Reached XP level 7. HP: 62/62 MP: 6/6
  2301 | D:4      | Found a snail-covered altar of Cheibriados.
  2406 | D:4      | Paralysed by an orc for 2 turns
  2415 | D:4      | Found a bloodstained altar of Trog.
  2643 | D:5      | Entered Level 5 of the Dungeon
  2882 | D:5      | Reached skill level 6 in Fighting
  3198 | D:5      | Found a staircase to the Ecumenical Temple.
  3210 | D:5      | Reached *** piety under Trog
  3240 | D:5      | Found a radiant altar of Vehumet.
  3527 | D:5      | Found a shadowy altar of Dithmenos.
  3527 | D:5      | Found an ancient bone altar of Kikubaaqudgha.
  3528 | D:5      | Found a hide-covered altar of Uskayaw.
  3849 | D:6      | Reached XP level 8. HP: 63/71 MP: 7/7
  3920 | D:6      | Noticed Eustachio
  3933 | D:6      | Killed Eustachio
  3933 | D:6      | Reached skill level 5 in Shields
  4008 | D:6      | Noticed Sigmund
  4014 | D:6      | Killed Sigmund
  4014 | D:6      | Reached skill level 7 in Fighting
  4405 | D:7      | Noticed Harold
  4419 | D:7      | Killed Harold
  4419 | D:7      | Reached XP level 9. HP: 13/80 MP: 8/8
  4971 | D:7      | Noticed Prince Ribbit
  4980 | D:7      | Killed Prince Ribbit
  4980 | D:7      | Reached skill level 8 in Fighting
  5074 | D:7      | Got a transparent flail
  5299 | D:7      | Found a runed door.
  5430 | D:7      | You fall through a shaft!
  5470 | D:8      | Found a white marble altar of Elyvilon.
  5763 | D:8      | Noticed a two-headed ogre
  5783 | D:8      | Killed a two-headed ogre
  5793 | D:8      | Reached XP level 10. HP: 90/90 MP: 9/9
  6209 | D:8      | You fall through a shaft for 3 floors!
  6257 | D:11     | Reached skill level 9 in Fighting
  6258 | D:11     | Reached **** piety under Trog
  6492 | D:11     | Noticed Erica
  6501 | D:11     | Killed Erica
  6501 | D:11     | Reached skill level 10 in Shields
  6771 | D:11     | Noticed a cyan ugly thing
  6787 | D:11     | Killed a cyan ugly thing
  6853 | D:10     | Entered Level 10 of the Dungeon
  6908 | D:10     | Paralysed by a hornet for 1 turns
  7662 | D:7      | Noticed Crazy Yiuf
  7666 | D:7      | Killed Crazy Yiuf
  7673 | D:7      | Identified the cursed +2 flail "Ymagidd" {crush, Int+3 Dex+3} (You found it on level 7 of the Dungeon)
  7969 | D:9      | Reached skill level 10 in Fighting
  7969 | D:9      | Reached skill level 10 in Maces & Flails
  8031 | D:9      | Reached XP level 11. HP: 99/99 MP: 10/10
  8033 | D:9      | Reached ***** piety under Trog
  8741 | D:10     | Found a portal to a secret trove of treasure.
  9134 | D:11     | Found a shimmering altar of Xom.
  9181 | D:11     | Reached skill level 10 in Armour
  9296 | D:11     | Killed an unseen horror
  9625 | D:11     | Found a staircase to the Lair.
  9822 | D:11     | Found Vuteid's Antique Weapon Boutique.
  9846 | D:11     | Killed an unseen horror
 10055 | D:11     | Bought a shimmering great sword for 333 gold pieces
 10067 | D:11     | Identified the cursed +1 great sword of the End {flame, rF- Int+2 Stlth+} (You bought it in a shop on level 11 of the Dungeon)
 10081 | D:11     | Bought an ichor-stained spear for 232 gold pieces
 10082 | D:11     | Identified the +11 spear "Geucs" {elec, +Fly rC- rN+++ Str-5} (You bought it in a shop on level 11 of the Dungeon)
 10143 | D:11     | Found a staircase to the Orcish Mines.
 10170 | D:11     | Reached skill level 1 in Polearms
 10619 | D:11     | Received a gift from Trog
 10978 | Lair:1   | Entered Level 1 of the Lair of Beasts
 11362 | Lair:1   | Reached skill level 11 in Fighting
 11830 | Lair:1   | Reached XP level 12. HP: 110/110 MP: 11/11
 12054 | Lair:1   | Reached skill level 5 in Polearms
 12744 | Lair:2   | Found a staircase to the Snake Pit.
 13271 | Lair:2   | Found a staircase to the Swamp.
 13722 | Lair:2   | Reached skill level 12 in Fighting
 13835 | Lair:2   | Reached XP level 13. HP: 91/118 MP: 12/12
 14024 | Lair:3   | Reached ****** piety under Trog
 14072 | Lair:3   | Reached skill level 15 in Shields
 14074 | Lair:3   | Received a gift from Trog
 14200 | Lair:3   | Found a runed gate.
 14201 | Lair:3   | Found a runed gate.
 14215 | Lair:3   | Noticed a minotaur
 14239 | Lair:3   | Noticed Dockug's ghost (journeyman VSAE)
 14395 | Lair:3   | Found a runed gate.
 14878 | Lair:4   | Reached skill level 10 in Polearms
 15261 | Lair:4   | Reached skill level 1 in Evocations
 15776 | Lair:5   | Reached skill level 5 in Dodging
 15796 | Lair:5   | Found a staircase to the Slime Pits.
 16514 | Lair:6   | Entered Level 6 of the Lair of Beasts
 17053 | Lair:6   | Reached skill level 13 in Fighting
 17062 | Lair:6   | Got a smelly crystal plate armour
 17073 | Lair:6   | Identified the +1 crystal plate armour of Evolution {rPois Regen+ Str-4 Dex-3} (You found it on level 6 of the Lair of Beasts)
 17174 | Lair:6   | Received a gift from Trog
 17358 | Lair:6   | Reached XP level 14. HP: 129/129 MP: 15/15
 18652 | D:12     | Found Cupp's Book Shop.
 18917 | D:12     | Received a gift from Trog
 19001 | D:12     | Identified Wokahul's Volume of Gliding Poisoning
 19609 | D:13     | Noticed Sonja
 19623 | D:13     | Killed Sonja
 19854 | D:13     | Got a fine ring mail
 19865 | D:13     | Identified the +0 ring mail "Neint" {rF+ rN+ Str+4} (You found it on level 13 of the Dungeon)
 19959 | D:13     | Found a snail-covered altar of Cheibriados.
 20123 | D:13     | Found a gate to the Vaults.
 20593 | D:13     | Reached skill level 5 in Evocations
 20593 | D:13     | Noticed Urug
 20604 | D:13     | Killed Urug
 20605 | D:13     | Noticed Josephine
 20616 | D:13     | Killed Josephine
 20855 | D:14     | Found a runed gate.
 20856 | D:14     | Found a runed gate.
 20857 | D:14     | Found a runed gate.
 20858 | D:14     | Noticed spsoon's ghost (journeyman TrMo)
 20986 | D:14     | Reached XP level 15. HP: 78/137 MP: 17/17
 21250 | D:14     | Reached skill level 14 in Fighting
 21255 | D:14     | Received a gift from Trog
 21761 | D:15     | Entered Level 15 of the Dungeon
 22513 | D:15     | Found a staircase to the Depths.
 22920 | Swamp:1  | Entered Level 1 of the Swamp
 23256 | Swamp:1  | Received a gift from Trog
 24141 | Swamp:2  | Noticed a thorn hunter
 24152 | Swamp:2  | Killed a thorn hunter
 24161 | Swamp:2  | Got a bloodstained long sword
 24162 | Swamp:2  | Identified the +6 long sword of Anego {venom, rPois rC+} (You found it on level 2 of the Swamp)
 24579 | Swamp:2  | Reached skill level 1 in Long Blades
 25234 | Swamp:3  | Noticed Kirke
 25579 | Swamp:3  | Killed Kirke
 26607 | Swamp:3  | Reached skill level 15 in Fighting
 27228 | Swamp:4  | Entered Level 4 of the Swamp
 27278 | Swamp:3  | Reached XP level 16. HP: 121/149 MP: 20/20
 27406 | Swamp:4  | HP: 7/149 [eight-headed hydra (11)]
 27415 | Swamp:4  | HP: 6/149 [six-headed hydra (11)]
 28249 | Swamp:4  | Noticed a thorn hunter
 28280 | Swamp:4  | Reached skill level 10 in Dodging
 28587 | Swamp:4  | Reached skill level 15 in Armour
 28930 | Swamp:4  | Killed a thorn hunter
 29230 | Swamp:4  | Got a decaying rune of Zot
 29303 | Swamp:4  | Reached skill level 16 in Fighting
 29768 | Swamp:4  | Noticed a thorn hunter
 29779 | Swamp:4  | Killed a thorn hunter
 30151 | Orc:1    | Entered Level 1 of the Orcish Mines
 30151 | Orc:1    | Noticed Nergalle
 30174 | Orc:1    | Killed Nergalle
 30564 | Orc:2    | Entered Level 2 of the Orcish Mines
 30564 | Orc:2    | Found Gafrez's Antique Weapon Boutique.
 30654 | Orc:2    | Found a labyrinth entrance.
 30663 | Orc:2    | Found a staircase to the Elven Halls.
 30675 | Orc:2    | Found Fagusch's Antique Armour Emporium.
 30689 | Orc:2    | Paralysed by a chaos spawn for 4 turns
 30693 | Orc:2    | HP: 2/228 [orc knight/battleaxe (11)]
 30693 | Orc:2    | Slain by an orc warlord

Skill      XL: |  1  2  3  4  5  6  7  8  9 10 11 12 13 14 15 16 |
---------------+-------------------------------------------------+-----
Fighting       | 4 5 6 7 8 10 11 12 13 15 16 | 16.3
Maces & Flails | 4 5 6 7 8 10 | 10.6
Armour         | 3 4 5 7 8 9 10 11 12 13 14 15 | 15.3
Dodging        | 3 4 6 8 9 10 | 10.6
Shields        | 1 4 7 9 11 13 14 15 | 15.0
Polearms       | 4 8 11 13 14 | 14.9
Evocations     | 3 5 6 8 |  8.0
Long Blades    | 2 4 |  4.9

Action                   |  1- 3 |  4- 6 |  7- 9 | 10-12 | 13-15 | 16-18 || total
-------------------------+-------+-------+-------+-------+-------+-------++-------
Melee: Mace              |    72 |    43 |   271 |   161 |       |       ||   547
       Headbutt          |     7 |     6 |    51 |   161 |   291 |    83 ||   599
       Flail             |       |       |       |   318 |       |       ||   318
       Spear             |       |       |       |   390 |  1221 |   386 ||  1997
       Demon trident     |       |       |       |       |    42 |       ||    42
       Long sword        |       |       |       |       |   196 |    46 ||   242
       Trident           |       |       |       |       |    97 |       ||    97
       Unarmed           |       |       |       |       |     7 |       ||     7
Invok: Berserk           |       |     1 |     3 |    13 |    15 |     4 ||    36
       Brothers in Arms  |       |       |       |       |    11 |    12 ||    23
Evoke: Wand              |       |       |       |       |       |     4 ||     4
  Use: Scroll            |       |     2 |       |     3 |    34 |     1 ||    40
       Potion            |       |       |       |       |       |     5 ||     5
 Stab: Confused          |       |       |       |       |       |     1 ||     1
  Eat: Chunk             |     2 |     3 |    11 |    36 |    40 |    14 ||   106
       Ration            |       |       |     1 |     1 |     6 |     4 ||    12
Armor: Animal skin       |     6 |       |       |       |       |       ||     6
       Chain mail        |     6 |    16 |    55 |       |       |       ||    77
       Plate armour      |       |       |    17 |   318 |   480 |   276 ||  1091
       Scale mail        |       |       |       |    21 |       |       ||    21
       Ring mail         |       |       |       |       |     3 |       ||     3
Dodge: Dodged            |    49 |    12 |    41 |   142 |   223 |   157 ||   624
Block: Large shield      |       |     4 |   194 |   769 |   973 |   427 ||  2367
       Rpst.: Long sword |       |       |       |       |    23 |     2 ||    25
